TOP OF THE 1ST |
Trenton Stars batting - Pitching for Chattanooga Chinpokomon : LHP Alberto Galindo
|
Pitching: LHP Alberto Galindo
|
|
Batting: RHB Aurelio Cruz
|
0-0: Ground out 5-3 (Groundball, 56)
|
Batting: LHB Gerardo Guzmán
|
0-0: Swinging Strike 0-1: DOUBLE (Line Drive, 89XD)
|
Batting: RHB George Reeves
|
0-0: Ball Gerardo Guzmán steals 3rd base 1-0: Called Strike 1-1: Called Strike 1-2: SINGLE (Groundball, 56D) Gerardo Guzmán scores
|
Batting: LHB Wes Thompson
|
0-0: Called Strike 0-1: Called Strike 0-2: Ball 1-2: Ball 2-2: Ball George Reeves steals 2nd base 3-2: SINGLE (Line Drive, 4MD) George Reeves to third Runner from 3rd tries for Home, SAFE, no throw
|
Batting: RHB Joe Baker
|
0-0: Ball 1-0: Foul Ball, location: 2F 1-1: Foul Ball, location: 2F 1-2: Fly out, F9 (Line Drive, 9D)
|
Batting: LHB Pat Zimmerman
|
0-0: Called Strike 0-1: Swinging Strike 0-2: SINGLE (Groundball, 6MD) Wes Thompson to second Runner from 2nd tries for 3rd, SAFE, no throw
|
Batting: RHB Jorge Flores
|
0-0: Ball 1-0: Called Strike 1-1: Ball 2-1: Ball 3-1: Ground out 5-3 (Groundball, 56S)
|
Top of the 1st over - 2 runs, 4 hits, 0 errors, 2 left on base; Trenton 2 - Chattanooga 0 |
BOTTOM OF THE 1ST |
Chattanooga Chinpokomon batting - Pitching for Trenton Stars : RHP Gary Grimes
|
Pitching: RHP Gary Grimes
|
|
Batting: LHB Elvin Summers
|
0-0: Fly out, F7 (Line Drive, 7)
|
Batting: RHB Ichizo Akiyama
|
0-0: Foul Ball, location: 2F 0-1: Called Strike 0-2: Ball 1-2: Foul Ball, location: 2F 1-2: Ball 2-2: Strikes out looking
|
Batting: RHB Ricardo Salazar
|
0-0: Foul Ball, location: 2F 0-1: Ball 1-1: Ball 2-1: Ball 3-1: SOLO HOME RUN (Flyball, 7D), Distance : 377 ft
|
Batting: RHB Tom Hicks
|
0-0: Foul Ball, location: 2F 0-1: Ball 1-1: Foul Ball, location: 2F 1-2: Strikes out swinging
|
Bottom of the 1st over - 1 run, 1 hit, 0 errors, 0 left on base; Trenton 2 - Chattanooga 1 |
TOP OF THE 2ND |
Trenton Stars batting - Pitching for Chattanooga Chinpokomon : LHP Alberto Galindo
|
Batting: RHB Derek Ramsey
|
0-0: Ball 1-0: Ball 2-0: Ball 3-0: Called Strike 3-1: Base on Balls
|
Batting: SHB Ismael Sánchez
|
0-0: Ball 1-0: Fly out, F7 (Flyball, 7LS)
|
Batting: RHB Aurelio Cruz
|
0-0: SINGLE (Groundball, 3D) Derek Ramsey to second Runner from 2nd tries for 3rd, SAFE, no throw
|
Batting: LHB Gerardo Guzmán
|
0-0: Ball 1-0: Foul Ball, location: 2F 1-1: Ball 2-1: Foul Ball, location: 2F 2-2: Foul Ball, location: 2F 2-2: Fly out, F8 (Flyball, 8LM) Runner from 3rd tags up, SCORES, throw made
|
Batting: RHB George Reeves
|
0-0: Called Strike 0-1: Ground out 6-3 (Groundball, 6S)
|
Top of the 2nd over - 1 run, 1 hit, 0 errors, 1 left on base; Trenton 3 - Chattanooga 1 |
BOTTOM OF THE 2ND |
Chattanooga Chinpokomon batting - Pitching for Trenton Stars : RHP Gary Grimes
|
Batting: LHB Ramiro Muńóz
|
0-0: Fly out, F9 (Line Drive, 89D)
|
Batting: RHB Jim Beck
|
0-0: Ball 1-0: Fly out, F7 (Flyball, 78S)
|
Batting: RHB Jesús Tisnado
|
0-0: SINGLE (Line Drive, 56)
|
Batting: RHB John Robertson
|
0-0: Ball 1-0: SINGLE (Line Drive, 4M) Jesús Tisnado to second
|
Batting: RHB Jesús Ramírez
|
0-0: Called Strike 0-1: Called Strike 0-2: Foul Ball, location: 2F 0-2: Foul Ball, location: 2F 0-2: Strikes out swinging
|
Bottom of the 2nd over - 0 runs, 2 hits, 0 errors, 2 left on base; Trenton 3 - Chattanooga 1 |
TOP OF THE 3RD |
Trenton Stars batting - Pitching for Chattanooga Chinpokomon : LHP Alberto Galindo
|
Batting: LHB Wes Thompson
|
0-0: Called Strike 0-1: Swinging Strike 0-2: Ball 1-2: Ball 2-2: Ball 3-2: Base on Balls
|
Batting: RHB Joe Baker
|
0-0: 2-RUN HOME RUN (Flyball, 7D), Distance : 378 ft
|
Batting: LHB Pat Zimmerman
|
0-0: Ball 1-0: Ball 2-0: Swinging Strike 2-1: Fly out, F7 (Flyball, 78D)
|
Batting: RHB Jorge Flores
|
0-0: Ball 1-0: Called Strike 1-1: Fly out, F7 (Flyball, 7D)
|
Batting: RHB Derek Ramsey
|
0-0: Called Strike 0-1: Ball 1-1: Ball 2-1: Ball 3-1: Called Strike 3-2: Ground out 5-3 (Groundball, 56S)
|
Top of the 3rd over - 2 runs, 1 hit, 0 errors, 0 left on base; Trenton 5 - Chattanooga 1 |
BOTTOM OF THE 3RD |
Chattanooga Chinpokomon batting - Pitching for Trenton Stars : RHP Gary Grimes
|
Batting: LHB Elvin Summers
|
0-0: Called Strike 0-1: Ball 1-1: SINGLE (Line Drive, 8RS)
|
Batting: RHB Ichizo Akiyama
|
0-0: Fly out, F2 (Popup, 2LF)
|
Batting: RHB Ricardo Salazar
|
0-0: Ball 1-0: Called Strike 1-1: Ball 2-1: Foul Ball, location: 2F 2-2: SINGLE (Groundball, 4MD) Elvin Summers to second Runner from 2nd tries for 3rd, SAFE, no throw
|
Batting: RHB Tom Hicks
|
0-0: Ball 1-0: Swinging Strike 1-1: Foul Ball, location: 2F 1-2: Ball 2-2: Ball 3-2: Fly out, F7 (Flyball, 7D) Runner from 3rd tags up, SCORES, no throw
|
Batting: LHB Ramiro Muńóz
|
0-0: Swinging Strike 0-1: Ball 1-1: Foul Ball, location: 2F 1-2: Fly out, F9 (Flyball, 9LS)
|
Bottom of the 3rd over - 1 run, 2 hits, 0 errors, 1 left on base; Trenton 5 - Chattanooga 2 |
TOP OF THE 4TH |
Trenton Stars batting - Pitching for Chattanooga Chinpokomon : LHP Alberto Galindo
|
Batting: SHB Ismael Sánchez
|
0-0: Ball 1-0: Ball 2-0: Ball 3-0: Called Strike 3-1: Base on Balls
|
Batting: RHB Aurelio Cruz
|
0-0: Ball 1-0: SINGLE (Groundball, 34D) Ismael Sánchez to second Runner from 2nd tries for 3rd, SAFE, no throw
|
Pitching: RHP Charles Palmeiro
|
|
Batting: LHB Gerardo Guzmán
|
0-0: Ball Aurelio Cruz steals 2nd base 1-0: Swinging Strike 1-1: Ball 2-1: Called Strike 2-2: Ball 3-2: Base on Balls
|
Batting: RHB George Reeves
|
0-0: Ball 1-0: SINGLE (Groundball, 6MD) Ismael Sánchez scores Aurelio Cruz to third Gerardo Guzmán to second
|
Batting: LHB Wes Thompson
|
0-0: Ball 1-0: Swinging Strike 1-1: Called Strike 1-2: Ball 2-2: Strikes out looking
|
Batting: RHB Joe Baker
|
0-0: Swinging Strike 0-1: Ball 1-1: Ball 2-1: Ground out 5-3 (Groundball, 56S) Aurelio Cruz scores Gerardo Guzmán to third George Reeves to second
|
Batting: LHB Pat Zimmerman
|
0-0: Ball 1-0: Ball 2-0: Ball 3-0: Base on Balls
|
Batting: RHB Jorge Flores
|
0-0: Foul Ball, location: 2F 0-1: Hit by Pitch Gerardo Guzmán scores George Reeves to third Pat Zimmerman to second
|
Batting: RHB Derek Ramsey
|
0-0: Ball 1-0: Called Strike 1-1: Ball 2-1: DOUBLE (Line Drive, 8RD) George Reeves scores Pat Zimmerman scores Jorge Flores to third Runner from 3rd tries for Home, SAFE, no throw
|
Batting: SHB Ismael Sánchez
|
0-0: Ball 1-0: Ball 2-0: Ball 3-0: Called Strike 3-1: Base on Balls
|
Batting: RHB Aurelio Cruz
|
0-0: SINGLE (Line Drive, 8RS) Derek Ramsey to third Ismael Sánchez to second
|
Batting: LHB Gerardo Guzmán
|
0-0: Ball Wild Pitch! Derek Ramsey scores Ismael Sánchez to third Aurelio Cruz to second 1-0: Ball 2-0: SINGLE (Groundball, 6MS) (infield hit) Ismael Sánchez scores Aurelio Cruz to third
|
Batting: RHB George Reeves
|
0-0: Ball 1-0: Called Strike 1-1: Called Strike 1-2: Foul Ball, location: 2F 1-2: Ball 2-2: SINGLE (Groundball, 56D) Aurelio Cruz scores Gerardo Guzmán to second
|
Batting: LHB Wes Thompson
|
0-0: Ball 1-0: Called Strike 1-1: Foul Ball, location: 2F 1-2: Ball 2-2: Fly out, F8 (Flyball, 8RM)
|
Top of the 4th over - 9 runs, 6 hits, 0 errors, 2 left on base; Trenton 14 - Chattanooga 2 |
BOTTOM OF THE 4TH |
Chattanooga Chinpokomon batting - Pitching for Trenton Stars : RHP Gary Grimes
|
Batting: RHB Jim Beck
|
0-0: Ball 1-0: Swinging Strike 1-1: Ball 2-1: Foul Ball, location: 2F 2-2: Ball 3-2: Base on Balls
|
Batting: RHB Jesús Tisnado
|
0-0: Called Strike 0-1: Ground out 5-3 (Groundball, 5S) Jim Beck to second
|
Batting: RHB John Robertson
|
0-0: Ball 1-0: Called Strike 1-1: Ball 2-1: Foul Ball, location: 2F 2-2: Strikes out swinging
|
Batting: RHB Jesús Ramírez
|
0-0: Called Strike 0-1: Ball 1-1: Ball 2-1: Fly out, F3 (Line Drive, 3)
|
Bottom of the 4th over - 0 runs, 0 hits, 0 errors, 1 left on base; Trenton 14 - Chattanooga 2 |
TOP OF THE 5TH |
Trenton Stars batting - Pitching for Chattanooga Chinpokomon : RHP Charles Palmeiro
|
Batting: RHB Joe Baker
|
0-0: Ball 1-0: Swinging Strike 1-1: Foul Ball, location: 2F 1-2: SINGLE (Groundball, 4MD)
|
Batting: LHB Pat Zimmerman
|
0-0: Called Strike 0-1: Ball 1-1: SINGLE (Groundball, 56S) (infield hit) Joe Baker to second
|
Batting: RHB Jorge Flores
|
0-0: Called Strike 0-1: Ball 1-1: Swinging Strike 1-2: Ball Wild Pitch! Joe Baker to third Pat Zimmerman to second 2-2: SINGLE (Line Drive, 5D) Joe Baker scores Pat Zimmerman to third
|
Pitching: RHP Jorge Amador
|
|
Batting: RHB Derek Ramsey
|
0-0: Ball 1-0: Called Strike 1-1: Grounds into double play, 6-4-3 (Groundball, 6) Pat Zimmerman scores
|
Batting: SHB Ismael Sánchez
|
0-0: Hit by Pitch
|
Batting: RHB Aurelio Cruz
|
0-0: Ball 1-0: Called Strike 1-1: Ball 2-1: Foul Ball, location: 2F 2-2: Ball 3-2: SINGLE (Line Drive, 9S) Ismael Sánchez to second Ismael Sánchez to third
|
Batting: LHB Gerardo Guzmán
|
0-0: Ball Aurelio Cruz steals 2nd base 1-0: Called Strike 1-1: Ball 2-1: Foul Ball, location: 2F 2-2: Ball 3-2: Strikes out looking
|
Top of the 5th over - 2 runs, 4 hits, 0 errors, 2 left on base; Trenton 16 - Chattanooga 2 |
BOTTOM OF THE 5TH |
Chattanooga Chinpokomon batting - Pitching for Trenton Stars : RHP Gary Grimes
|
Batting: LHB Elvin Summers
|
0-0: Foul Ball, location: 2F 0-1: Fly out, F9 (Flyball, 9LSF)
|
Batting: RHB Ichizo Akiyama
|
0-0: Foul Ball, location: 2F 0-1: Called Strike 0-2: Foul Ball, location: 2F 0-2: Ball 1-2: Strikes out swinging
|
Batting: RHB Ricardo Salazar
|
0-0: Ball 1-0: Ground out 6-3 (Groundball, 6)
|
Bottom of the 5th over - 0 runs, 0 hits, 0 errors, 0 left on base; Trenton 16 - Chattanooga 2 |
TOP OF THE 6TH |
Trenton Stars batting - Pitching for Chattanooga Chinpokomon : RHP Jorge Amador
|
Batting: RHB George Reeves
|
0-0: Foul Ball, location: 2F 0-1: Ball 1-1: Ground out 3-1 (Groundball, 23)
|
Batting: LHB Wes Thompson
|
0-0: Ball 1-0: Called Strike 1-1: Called Strike 1-2: Ball 2-2: Ball 3-2: Strikes out swinging
|
Batting: RHB Joe Baker
|
0-0: Ball 1-0: Called Strike 1-1: Ball 2-1: Foul Ball, location: 2F 2-2: Ball 3-2: Base on Balls
|
Batting: LHB Pat Zimmerman
|
0-0: Ball 1-0: Fly out, F7 (Line Drive, 7S)
|
Top of the 6th over - 0 runs, 0 hits, 0 errors, 1 left on base; Trenton 16 - Chattanooga 2 |
BOTTOM OF THE 6TH |
Chattanooga Chinpokomon batting - Pitching for Trenton Stars : RHP Gary Grimes
|
Batting: RHB Tom Hicks
|
0-0: Swinging Strike 0-1: Ball 1-1: Foul Ball, location: 2F 1-2: Ball 2-2: Ball 3-2: Foul Ball, location: 2F 3-2: Base on Balls
|
Batting: LHB Ramiro Muńóz
|
0-0: Called Strike Throwing error on steal attempt, E2 Tom Hicks to third 0-1: Ball 1-1: Ball 2-1: Ball 3-1: Foul Ball, location: 2F 3-2: Strikes out looking
|
Batting: RHB Jim Beck
|
0-0: Swinging Strike 0-1: Ball 1-1: Ball 2-1: Swinging Strike 2-2: Foul Ball, location: 2F 2-2: Strikes out swinging
|
Batting: RHB Jesús Tisnado
|
0-0: Called Strike 0-1: Ball 1-1: Ball 2-1: Ball 3-1: Foul Ball, location: 2F 3-2: Base on Balls
|
Batting: RHB John Robertson
|
0-0: Ground out 4-3 (Groundball, 4)
|
Bottom of the 6th over - 0 runs, 0 hits, 1 error, 2 left on base; Trenton 16 - Chattanooga 2 |
TOP OF THE 7TH |
Trenton Stars batting - Pitching for Chattanooga Chinpokomon : RHP Jorge Amador
|
Batting: RHB Jorge Flores
|
0-0: Called Strike 0-1: SINGLE (Groundball, 6MD)
|
Batting: RHB Derek Ramsey
|
0-0: SINGLE (Line Drive, 8RS) Jorge Flores to second Runner from 2nd tries for 3rd, SAFE, no throw
|
Batting: SHB Ismael Sánchez
|
0-0: Swinging Strike 0-1: Ball 1-1: Ball 2-1: Fly out, F8 (Flyball, 8LS) Runner from 3rd tags up, SCORES, throw made
|
Batting: RHB Aurelio Cruz
|
0-0: Called Strike 0-1: Ball 1-1: Swinging Strike 1-2: Ball 2-2: Strikes out swinging
|
Batting: LHB Gerardo Guzmán
|
0-0: Fly out, F3 (Line Drive, 3)
|
Top of the 7th over - 1 run, 2 hits, 0 errors, 1 left on base; Trenton 17 - Chattanooga 2 |
BOTTOM OF THE 7TH |
Chattanooga Chinpokomon batting - Pitching for Trenton Stars : RHP Gary Grimes
|
Batting: RHB Jesús Ramírez
|
0-0: Ball 1-0: Called Strike 1-1: SINGLE (Line Drive, 4MD)
|
Batting: LHB Elvin Summers
|
0-0: Called Strike 0-1: Fielders Choice at 2nd, 6-4 (Groundball, 6M)
|
Batting: RHB Ichizo Akiyama
|
0-0: Ball 1-0: Ball 2-0: Foul Ball, location: 2F 2-1: Ball 3-1: Base on Balls Elvin Summers to second
|
Batting: RHB Ricardo Salazar
|
0-0: Ball Elvin Summers steals 3rd base Ichizo Akiyama to second 1-0: Foul Ball, location: 2F 1-1: Foul Ball, location: 2F 1-2: Ground out U3 (Groundball, 34) Elvin Summers scores Ichizo Akiyama to third
|
Batting: RHB Tom Hicks
|
0-0: Ball 1-0: Swinging Strike 1-1: Ball 2-1: Ball 3-1: Foul Ball, location: 2F 3-2: Strikes out looking
|
Bottom of the 7th over - 1 run, 1 hit, 0 errors, 1 left on base; Trenton 17 - Chattanooga 3 |
TOP OF THE 8TH |
Trenton Stars batting - Pitching for Chattanooga Chinpokomon : RHP Jorge Amador
|
Batting: RHB George Reeves
|
0-0: Called Strike 0-1: Ball 1-1: Ground out U3 (Groundball, 34)
|
Batting: LHB Wes Thompson
|
0-0: Called Strike 0-1: Ball 1-1: SINGLE (Line Drive, 5D)
|
Batting: RHB Joe Baker
|
0-0: Ball 1-0: Called Strike 1-1: Ball 2-1: Ball 3-1: Grounds into double play, 6-4-3 (Groundball, 6)
|
Top of the 8th over - 0 runs, 1 hit, 0 errors, 0 left on base; Trenton 17 - Chattanooga 3 |
BOTTOM OF THE 8TH |
Chattanooga Chinpokomon batting - Pitching for Trenton Stars : RHP Gary Grimes
|
Now at 2B: Aaron Washington
|
|
Now in RF: Emílio Bruno
|
|
Batting: LHB Ramiro Muńóz
|
0-0: Called Strike 0-1: Called Strike 0-2: Strikes out looking
|
Batting: RHB Jim Beck
|
0-0: Called Strike 0-1: Called Strike 0-2: Fly out, F8 (Flyball, 8LS)
|
Batting: RHB Jesús Tisnado
|
0-0: Called Strike 0-1: Called Strike 0-2: Foul Ball, location: 2F 0-2: Ball 1-2: Strikes out swinging
|
Bottom of the 8th over - 0 runs, 0 hits, 0 errors, 0 left on base; Trenton 17 - Chattanooga 3 |
TOP OF THE 9TH |
Trenton Stars batting - Pitching for Chattanooga Chinpokomon : RHP Jorge Amador
|
Pitching: RHP Renaldo Quilh
|
|
Batting: LHB Pat Zimmerman
|
0-0: Ball 1-0: Ball 2-0: Swinging Strike 2-1: Ball 3-1: Called Strike 3-2: Foul Ball, location: 2F 3-2: TRIPLE (Flyball, 9D)
|
Batting: RHB Jorge Flores
|
0-0: Called Strike 0-1: Ground out 6-3 (Groundball, 6) Pat Zimmerman scores
|
Batting: RHB Derek Ramsey
|
0-0: Called Strike 0-1: Called Strike 0-2: Strikes out swinging
|
Batting: SHB Ismael Sánchez
|
0-0: Foul Ball, location: 2F 0-1: Ball 1-1: Fly out, F5 (Flyball, 5D)
|
Top of the 9th over - 1 run, 1 hit, 0 errors, 0 left on base; Trenton 18 - Chattanooga 3 |
BOTTOM OF THE 9TH |
Chattanooga Chinpokomon batting - Pitching for Trenton Stars : RHP Gary Grimes
|
Pitching: RHP Darrell Stanley
|
|
Pinch Hitting: RHB Felipe Rego
|
0-0: Called Strike 0-1: Called Strike 0-2: Strikes out swinging
|
Batting: RHB Jesús Ramírez
|
0-0: Ball 1-0: Called Strike 1-1: Ball 2-1: Ground out 6-3 (Groundball, 6)
|
Batting: LHB Elvin Summers
|
0-0: Ball 1-0: Swinging Strike 1-1: Ball 2-1: Swinging Strike 2-2: Strikes out swinging
|
Bottom of the 9th over - 0 runs, 0 hits, 0 errors, 0 left on base; Trenton 18 - Chattanooga 3 |
|